 Dungeon Crawl Stone Soup version 0.19-a0-1051-gdb7e7f8 (webtiles) character file.

22080 Kurtz the Bludgeoner (level 12, -2/94 HPs)
             Began as a Mummy Berserker on Aug 1, 2016.
             Was a High Priest of Trog.
             Engulfed by an ice statue's freezing vapour (15 damage)
             ... in an ice cave.
             The game lasted 00:49:42 (19400 turns).

Kurtz the Bludgeoner (Mummy Berserker)             Turns: 19400, Time: 00:49:42

Health: -2/94      AC: 15    Str: 21    XL:     12   Next: 59%
Magic:  12/12      EV:  8    Int:  6    God:    Trog [*****.]
Gold:   839        SH:  0    Dex: 18    Spells: 0 memorised, 11 levels left

rFire  . . .     SeeInvis .     N - +5 great mace (crush)
rCold  . . .     Gourm    .     F - +0 plate armour
rNeg   + + +     Faith    +     (shield currently unavailable)
rPois  ∞         Spirit   .     o - +0 helmet
rElec  .         Dismiss  .     i - +1 cloak
rCorr  .         Reflect  .     p - +0 pair of gloves
SustAt .         Harm     .     M - +0 pair of boots
MR     +++..                    g - amulet of faith
Stlth  ..........               D - +2 ring of dexterity
                                u - ring of fire

@: regenerating, extremely resistant to hostile enchantments, extremely
unstealthy
A: no food or potions, fire vulnerability, cold resistance 1, negative energy
resistance 3, torment resistance, unbreathing
a: Trog's Hand, Brothers in Arms, Burn Spellbooks, Renounce Religion


You were in an ice cave.
You worshipped Trog.
Trog was extremely pleased with you.
You were not hungry.

You visited 2 branches of the dungeon, and saw 14 of its levels.
You also visited: Ice Cave.

You collected 839 gold pieces.

Inventory:

Hand Weapons
 a - a +0 mace
 n - a +0 dire flail
 y - a +6 antimagic dire flail
 N - a +5 great mace of crushing (weapon)
Missiles
 r - 5 javelins
 t - 23 tomahawks
 v - 3 throwing nets (quivered)
Armour
 i - a +1 cloak (worn)
 o - a +0 helmet (worn)
 p - a +0 pair of gloves (worn)
 F - a +0 plate armour (worn)
 M - a +0 pair of boots (worn)
Jewellery
 b - a cursed amulet of inaccuracy {unknown}
 g - an amulet of faith (around neck)
 q - an uncursed ring of see invisible
 u - a ring of fire (left hand)
 D - a +2 ring of dexterity (right hand)
 J - a +2 amulet of reflection {unknown}
 L - an uncursed ring of resist corrosion
Wands
 k - a wand of enslavement (18/24)
 s - a wand of slowing (0/48)
 x - a wand of random effects (6/48)
 A - a wand of polymorph (11/24)
 C - a wand of digging (5/24)
 O - a wand of paralysis (6/24)
 P - a wand of acid (4/15)
Scrolls
 c - a scroll of silence
 d - 4 scrolls of noise
 e - 5 scrolls of magic mapping
 h - 4 scrolls of random uselessness
 j - 3 scrolls of enchant armour
 l - 6 scrolls of remove curse
 m - 4 scrolls of teleportation
 w - 3 scrolls of recharging
 z - 3 scrolls of enchant weapon
 B - 3 scrolls of amnesia
 I - a scroll of immolation
Miscellaneous
 E - a fan of gales


   Skills:
 + Level 8.4 Fighting
 * Level 15.5 Maces & Flails
 * Level 1.5 Armour
 - Level 4.2 Dodging


You had 11 spell levels left.
You didn't know any spells.

Dungeon Overview and Level Annotations

Branches:
Dungeon (10/15)            Temple (0/1) D:6            Lair (4/6) D:9
  Swamp (0/4) Lair:2       Spider (0/4) Lair:2          Orc (0/2) D:9

Altars:
Dithmenos
Hepliaklqana
Makhleb
Nemelex Xobeh

Shops:
D:6 !

Annotations:
IceCv exclusion: ice statue


Innate Abilities, Weirdness & Mutations

You do not eat or drink.
Your flesh is vulnerable to fire.
You are immune to poison.
Your flesh is cold resistant. (rC+)
You are immune to negative energy. (rN+++)
You are immune to unholy pain and torment.
You can survive without breathing.


Message History

You kill the polar bear!
Trog accepts your kill.
No target in view!
You start resting.
HP restored.
Found a fuming brown potion.
Marking area around the ice statue as unsafe for travelling.
An ice statue comes into view.
The ice statue gestures at you. The freezing blast engulfs you!
You are engulfed in freezing vapours.
The ice statue gestures at you. The shard of ice hits you!
You are engulfed in freezing vapours.
* * * LOW HITPOINT WARNING * * *
Okay, then.
Your skin crawls.
You feel resistant to hostile enchantments.
You are engulfed in freezing vapours.
You die...

#######
###@§§#.##
#§.#§§.!.#####
#§.####..##∩..##
#§. #..####..∩#
#.. ##..# #....#
.8. #...####...#
...#
##...####..##
###.
###...##...# .#
##...##..#


You could see an ice statue.

Vanquished Creatures
  The ghost of fairyof the Eclecticist, a journeyman DEEE of Gozag (Lair:4)
  Harold (Lair:2)
  2 hydras (Lair:1)
  Erica (D:8)
  The ghost of dickylongcocking the Thaumaturge, a journeyman SpWz of Gozag (Lair:1)
  2 black mambas
  3 spiny frogs (Lair:3)
  3 rime drakes
  3 komodo dragons
  2 ice devils (Lair:4)
  A jumping spider (Lair:2)
  A polar bear (IceCv)
  The ghost of Jmtri7 the Covert, an amateur DDAr of Pakellas (D:4)
  2 two-headed ogres
  A troll (D:10)
  8 blink frogs
  A redback (Lair:2)
  16 yaks
  2 hungry ghosts
  5 hippogriffs
  7 water moccasins
  8 porcupines
  4 orc warriors
  3 sky beasts
  4 ice beasts
  3 black bears
  3 phantoms
  6 ogres
  9 wolves
  2 centaurs
  A crocodile (Lair:4)
  17 giant frogs
  A water moccasin zombie (D:5)
  2 scorpions
  3 wights (D:7)
  A killer bee (D:9)
  3 howler monkeys
  7 crimson imps
  3 jellies
  12 orc wizards
  3 centaur skeletons
  2 hounds
  Crazy Yiuf (D:3)
  6 orc priests
  3 giant frog skeletons (D:9)
  3 iguanas
  9 worker ants
  2 hound zombies
  A hound skeleton (D:8)
  11 adders
  6 gnolls
  19 river rats
  3 shadow imps
  2 oozes
  An adder zombie (D:6)
  An adder skeleton (D:9)
  2 worms (D:3)
  2 dart slugs
  8 giant geckos
  21 orcs
  3 ball pythons
  3 giant cockroaches
  7 hobgoblins
  6 jackals
  10 kobolds
  5 quokkas
  12 bats
  3 giant gecko zombies
  7 giant newts
  7 goblins
  A jackal skeleton (D:4)
  A quokka zombie (D:7)
  5 rats
  A butterfly (Lair:1)
  A fire vortex (Lair:3)
  A fungus (D:3)
335 creatures vanquished.

Vanquished Creatures (collateral kills)
  A hydra (Lair:1)
  A two-headed ogre (D:9)
  3 blink frogs (Lair:1)
  A hound (D:9)
  An orc priest (D:9)
  A centaur skeleton (D:9)
  An orc wizard (D:9)
  An iguana (D:9)
10 creatures vanquished.

Vanquished Creatures (others)
  A wolf (IceCv)
  A crocodile (Lair:1)
  2 giant frogs (Lair:1)
  A fulminant prism (Lair:1)
  A fungus (Lair:1)
6 creatures vanquished.

Grand Total: 351 creatures vanquished

Notes
Turn   | Place    | Note
-------+----------+-------------------------------------------
     0 | D:1      | Kurtz the Mummy Berserker began the quest for the Orb.
     0 | D:1      | Reached XP level 1. HP: 18/18 MP: 1/1
   386 | D:1      | Reached XP level 2. HP: 21/24 MP: 2/2
   578 | D:1      | Reached skill level 3 in Maces & Flails
  1061 | D:2      | Reached XP level 3. HP: 29/29 MP: 3/3
  1081 | D:2      | Reached ** piety under Trog
  1672 | D:2      | Reached skill level 4 in Maces & Flails
  1721 | D:2      | Reached XP level 4. HP: 32/35 MP: 4/4
  1953 | D:3      | Reached *** piety under Trog
  2471 | D:3      | Found a runed door.
  2650 | D:4      | Noticed Jmtri7's ghost (amateur DDAr)
  2902 | D:5      | Entered Level 5 of the Dungeon
  3065 | D:5      | Noticed an ogre
  3075 | D:5      | Killed an ogre
  3075 | D:5      | Reached skill level 5 in Maces & Flails
  3075 | D:5      | Reached XP level 5. HP: 12/41 MP: 5/5
  3348 | D:5      | Noticed a sky beast
  3408 | D:5      | Killed a sky beast
  3408 | D:5      | Reached XP level 6. HP: 11/47 MP: 6/6
  3428 | D:5      | Reached skill level 6 in Maces & Flails
  4112 | D:5      | Noticed a hungry ghost
  4151 | D:5      | Killed a hungry ghost
  4151 | D:5      | Reached skill level 7 in Maces & Flails
  4151 | D:5      | Reached XP level 7. HP: 37/52 MP: 7/7
  5055 | D:3      | Noticed Crazy Yiuf
  5061 | D:3      | Killed Crazy Yiuf
  5272 | D:4      | Reached skill level 8 in Maces & Flails
  5639 | D:4      | Killed Jmtri7's ghost
  5639 | D:4      | Reached XP level 8. HP: 47/58 MP: 8/8
  5924 | D:4      | Found a burning altar of Makhleb.
  6146 | D:6      | Found Xyluinn's Distillery.
  6618 | D:6      | Found a sparkling altar of Nemelex Xobeh.
  6660 | D:6      | Reached skill level 9 in Maces & Flails
  7755 | D:6      | Found a staircase to the Ecumenical Temple.
  7778 | D:6      | Reached **** piety under Trog
  7936 | D:5      | Reached XP level 9. HP: 35/65 MP: 9/9
  8308 | D:7      | Reached skill level 10 in Maces & Flails
  9187 | D:7      | Reached skill level 5 in Fighting
  9480 | D:7      | Reached ***** piety under Trog
  9962 | D:8      | You fall through a shaft for 2 floors!
  9962 | D:10     | Entered Level 10 of the Dungeon
  9980 | D:10     | Reached skill level 11 in Maces & Flails
 10210 | D:9      | Reached XP level 10. HP: 72/76 MP: 10/10
 10235 | D:9      | Received a gift from Trog
 10786 | D:9      | Found a staircase to the Lair.
 11046 | D:8      | Noticed Erica
 11053 | D:8      | Killed Erica
 11053 | D:8      | Reached skill level 12 in Maces & Flails
 11744 | D:9      | Found a staircase to the Orcish Mines.
 11908 | D:9      | Found a hazy altar of Hepliaklqana.
 11944 | D:9      | Found a shadowy altar of Dithmenos.
 12689 | D:9      | Received a gift from Trog
 13196 | D:9      | Reached XP level 11. HP: 65/84 MP: 11/11
 13209 | Lair:1   | Entered Level 1 of the Lair of Beasts
 13430 | Lair:1   | Noticed dickylongcocking's ghost (journeyman SpWz)
 13443 | Lair:1   | Killed dickylongcocking's ghost
 13460 | Lair:1   | Reached skill level 13 in Maces & Flails
 13754 | Lair:1   | Noticed a seven-headed hydra
 13786 | Lair:1   | Killed a seven-headed hydra
 13885 | Lair:1   | Noticed a four-headed hydra
 13901 | Lair:1   | Killed a four-headed hydra
 14841 | Lair:1   | Noticed a four-headed hydra
 14852 | Lair:1   | Killed a four-headed hydra
 15562 | Lair:1   | Received a gift from Trog
 16295 | Lair:2   | Noticed Harold
 16325 | Lair:2   | Killed Harold
 16325 | Lair:2   | Reached skill level 14 in Maces & Flails
 16401 | Lair:2   | Found a hole to the Spider Nest.
 16514 | Lair:2   | Found a staircase to the Swamp.
 16888 | Lair:2   | Reached XP level 12. HP: 94/94 MP: 12/12
 18549 | Lair:3   | Reached skill level 15 in Maces & Flails
 18810 | Lair:4   | Noticed fairyof's ghost (journeyman DEEE)
 18850 | Lair:4   | Killed fairyof's ghost
 18850 | Lair:4   | Received a gift from Trog
 18962 | Lair:4   | Found a frozen archway.
 19183 | IceCv    | Entered an ice cave
 19400 | IceCv    | Engulfed by an ice statue's freezing vapour

Vault maps used:
D:1:      minmay_arrival_solitary_statue, serial_corexii_hall,
          corexii_hall_statues_u, corexii_hall_statues_i,
          corexii_hall_statues_x, corexii_hall_statues_i,
          minmay_misc_feat_nine_boxes
D:2:      first_bread
D:3:      uniq_crazy_yiuf_cottage
D:4:      kennysheep_mini_moat, nrook_mini_backslash
D:5:      serial_glass, glass_columns_b, glass_columns_a
D:6:      serial_shops, shop, nemelex_spade_bored_becter
D:7:      st_stairs_13
D:8:      grunt_ministairs_1, uniq_erica
D:9:      minmay_imperfect_grid, lair_0_dummy, basic_altar, serial_curves,
          eino_curves_01, eino_curves_01, lemuel_tele_altar
D:10:     hangedman_fish_farm, uniq_psyche
Lair:1:   lemuel_fruit_fields
Lair:2:   swamp_mist, spider_nest_entry_a, uniq_harold
Lair:3:   grunt_megastairs_5
Lair:4:   portal_ice_cave_demonic_guard, st_stairs_9, grunt_megastairs_2,
          bh_autumn_forest_stairs, serial_bayou_shore_a
IceCv:    ice_cave_caverns_03

Skill      XL: |  1  2  3  4  5  6  7  8  9 10 11 12 |
---------------+-------------------------------------+-----
Maces & Flails | 3 4 5 7 8 9 11 12 14 15 | 15.5
Dodging        | 2 3 4 |  4.2
Fighting       | 4 5 7 8 |  8.4
Armour         | |  1.5

Action                   |  1- 3 |  4- 6 |  7- 9 | 10-12 || total
-------------------------+-------+-------+-------+-------++-------
Melee: Mace              |   142 |   267 |   254 |       ||   663
       Dire flail        |       |       |   298 |   220 ||   518
       Great mace        |       |       |       |   409 ||   409
Throw: Tomahawk          |       |     4 |     3 |       ||     7
       Throwing net      |       |     1 |     1 |     3 ||     5
       Javelin           |       |       |    18 |    12 ||    30
Invok: Trog's Hand       |       |     1 |       |     4 ||     5
       Brothers in Arms  |       |       |       |     3 ||     3
       Burn Spellbooks   |       |       |       |     5 ||     5
Evoke: Wand              |       |       |     4 |     5 ||     9
  Use: Scroll            |       |       |       |    14 ||    14
 Stab: Sleeping          |     1 |       |       |       ||     1
       Held in net/web   |       |       |       |     1 ||     1
Armor: Animal skin       |    10 |       |       |       ||    10
       Ring mail         |    63 |     3 |       |       ||    66
       Chain mail        |       |   129 |   155 |       ||   284
       Plate armour      |       |       |   156 |   366 ||   522
Dodge: Dodged            |   106 |   107 |   190 |   219 ||   622
